 Dungeon Crawl Stone Soup version 0.30.0-5-g1a98f26d00 (webtiles) character file.

Game seed: 11743491640109555527

798 sircluck the Chopper (level 7, -2/63 HPs)
             Began as a Hill Orc Fighter on May 9, 2023.
             Was an Initiate of Beogh.
             Slain by Prince Ribbit (11 damage)
             ... on level 6 of the Dungeon.
             The game lasted 00:03:57 (4958 turns).

sircluck the Chopper (Hill Orc Fighter)             Turns: 4958, Time: 00:03:59

Health: -2/63      AC:  9    Str: 21    XL:     7   Next: 90%
Magic:  7/7        EV:  8    Int: 14    God:    Beogh [......]
Gold:   335        SH:  5    Dex: 16    Spells: 6/6 levels left

rFire   . . .        a - +0 war axe
rCold   . . .        c - +0 buckler
rNeg    . . .        s - +0 chain mail
rPois   .            (no helmet)
rElec   .            (no cloak)
rCorr   .            (no gloves)
SInv    .            (no boots)
Will    .....        (no amulet) Stlth
                     h - +6 ring of intelligence
HPRegen 0.30/turn    q - +6 ring of dexterity
MPRegen 0.10/turn

%: no passive effects
@: no status effects
A: no striking features
a: Renounce Religion


You were on level 6 of the Dungeon.
You worshipped Beogh.
Beogh was noncommittal.
You visited 1 branch of the dungeon, and saw 6 of its levels.
You also visited: Sewer.

You collected 335 gold pieces.

Inventory:

Hand Weapons
 a - a +0 war axe (weapon)
Missiles
 e - 49 stones (quivered)
 F - 2 poisoned darts
Armour
 b - a +0 scale mail
 c - a +0 buckler (worn)
 s - a +0 chain mail (worn)
Jewellery
 h - a +6 ring of intelligence (left hand)
 q - a +6 ring of dexterity (right hand)
Wands
 r - a wand of iceblast (3)
 E - a wand of flame (7)
Scrolls
 g - 2 scrolls of vulnerability {unknown}
 i - 2 scrolls of amnesia {unknown}
 k - 2 scrolls of immolation {unknown}
 m - 2 scrolls of silence {unknown}
 n - 5 scrolls of identify {unknown}
 o - 4 scrolls of teleportation {unknown}
 t - a scroll of magic mapping {unknown}
 x - a scroll of blinking {unknown}
 y - a scroll of noise {unknown}
 C - a scroll of fear {unknown}
 D - a scroll of enchant weapon {unknown}
Potions
 d - a potion of might
 f - 3 potions of degeneration {unknown}
 j - 6 potions of curing {unknown}
 l - a potion of ambrosia {unknown}
 p - a potion of berserk rage {unknown}
 u - a potion of haste {unknown}
 v - 2 potions of heal wounds {unknown}
 w - a potion of resistance {unknown}
 z - a potion of attraction {unknown}
 A - a potion of invisibility {unknown}
 B - a potion of lignification {unknown}


   Skills:
 + Level 6.0 Fighting
 + Level 7.7 Axes
 + Level 5.4 Armour
 + Level 1.1 Dodging
 + Level 0.3 Stealth
 + Level 4.2 Shields


You had 6 spell levels left.
You didn't know any spells.
Your spell library contained the following spells:

 Spells                   Type           Power      Damage    Failure   Level
 Freeze                   Ice            0%         1d3       92%         1
 Sting                    Tmut/Pois      0%         1d3       92%         1
 Ensorcelled Hibernation  Hex/Ice        0%         N/A       98%         2
 Lesser Beckoning         Tloc           0%         N/A       98%         2
 Passwall                 Tmut/Erth      0%         N/A       98%         2
 Poisonous Vapours        Pois/Air       0%         N/A       98%         2
 Frozen Ramparts          Ice            0%         1d1       100%        3
 Gell's Gravitas          Tloc           0%         N/A       100%        3
 Hailstorm                Conj/Ice       0%         3d3       100%        3
 Inner Flame              Hex/Fire       0%         N/A       100%        3
 Ozocubu's Armour         Ice            0%         N/A       100%        3
 Summon Guardian Golem    Hex/Summ       0%         N/A       100%        3
 Swiftness                Air            0%         N/A       100%        3
 Teleport Other           Tloc           0%         N/A       100%        3
 Volatile Blastmotes      Fire/Tloc      0%         2d10      100%        3
 Flame Wave               Conj/Fire      0%         2d4       100%        4
 Fulminant Prism          Conj/Hex       0%         3d5       100%        4
 Iskenderun's Mystic Bla  Conj/Tloc      0%         2d3       100%        4
 Olgreb's Toxic Radiance  Pois           0%         N/A       100%        4
 Sticky Flame             Conj/Fire      0%         2d3       100%        4
 Iskenderun's Battlesphe  Conj           0%         2d6       100%        5
 Lee's Rapid Deconstruct  Erth           0%         3d4*      100%        5
 Metabolic Englaciation   Hex/Ice        0%         N/A       100%        5
 Iron Shot                Conj/Erth      0%         9d1       100%        6
 Simulacrum               Ice/Necr       0%         N/A       100%        6
 Orb of Destruction       Conj           0%         9d5       100%        7
 Spellforged Servitor     Conj/Summ      0%         N/A       100%        7


Dungeon Overview and Level Annotations

Branches:
Dungeon (6/15)              Sewer (visited)
 Temple: D:4-7

Altars:
Ashenzari
Cheibriados
Gozag
Trog
Yredelemnul
Zin
The Shining One

Shops:
D:1 !   D:2 [

Annotations:
D:6 Prince Ribbit


Message History

Prince Ribbit lets out a mournful croak.
Prince Ribbit hits you!
You slash Prince Ribbit!
Prince Ribbit is heavily wounded.
Prince Ribbit hits you. x2
You are too injured to fight recklessly!
You are too injured to fight recklessly!
You are too injured to fight recklessly!
You are too injured to fight recklessly!
You are too injured to fight recklessly!
You are too injured to fight recklessly!
You are too injured to fight recklessly!
You are too injured to fight recklessly!
You are too injured to fight recklessly!
You are too injured to fight recklessly!
You are too injured to fight recklessly!
You are too injured to fight recklessly!
You hit Prince Ribbit.
Prince Ribbit is heavily wounded.
Prince Ribbit hits you but does no damage.
You slash Prince Ribbit!
Prince Ribbit is almost dead.
Prince Ribbit hits you!
* * * LOW HITPOINT WARNING * * *
Prince Ribbit hits you but does no damage.
You closely miss Prince Ribbit.
Prince Ribbit is almost dead.
You block Prince Ribbit's attack.
Prince Ribbit blinks!
Prince Ribbit hits you!
* * * LOW HITPOINT WARNING * * *
You closely miss Prince Ribbit.
Prince Ribbit is severely wounded.
Prince Ribbit blinks!
Aiming: Iceblast
Press: ? - help, Q - select action, (/) - cycle Shift-Dir - straight line, f - Prince Ribbit
Aim: Prince Ribbit (severely wounded)
The mass of ice explodes!
The iceblast engulfs Prince Ribbit!
Prince Ribbit is almost dead.
Prince Ribbit hits you!
You die...

...............'...
#########.#.####...
###[.......#.# #...
#....#######.# #...
#....# #.# #...
#....# #.# #...
#....# #.# #...
#....# #.# #...
#..@.# #.# #...
#.F§.# #.# ####
#....# #.#######
#....# #........
###'################
#.................
##################


You could see Prince Ribbit.

Vanquished Creatures
  A phantom (D:6)
  Blork the orc (D:6)
  3 scorpions
  A jelly (D:6)
  5 hounds
  An orc wizard (D:5)
  2 iguanas
  A hell rat (Sewer)
  4 adders
  4 gnolls (D:4)
  3 river rats (Sewer)
  A white imp (D:6)
  An ufetubus (D:4)
  3 worms
  4 dart slugs
  7 orcs
  5 bats
  6 endoplasms
  4 giant cockroaches
  4 hobgoblins
  6 jackals
  2 quokkas (D:1)
  6 ball pythons
  2 frilled lizards (D:3)
  4 goblins
  4 kobolds
  10 rats
  A spectral orc (D:5)
96 creatures vanquished.

Notes
Turn   | Place    | Note
-------+----------+-------------------------------------------
     0 | D:1      | sircluck the Hill Orc Fighter began the quest for the Orb.
     0 | D:1      | Reached XP level 1. HP: 19/19 MP: 1/1
   142 | D:1      | Reached XP level 2. HP: 22/27 MP: 2/2
   317 | D:1      | Reached skill level 3 in Axes
   393 | D:1      | Found a faded altar of an unknown god.
   540 | D:1      | Found Kiucinuw's Distillery.
   670 | D:1      | Reached XP level 3. HP: 29/33 MP: 3/3
  1026 | D:2      | Found Nownuruq's Armour Boutique.
  1246 | D:2      | Identified the +9 quarterstaff "Orun" {drain, *Corrode
                  | Str+2 Dex+2}
  1557 | D:3      | Reached skill level 4 in Axes
  1557 | D:3      | Reached XP level 4. HP: 40/41 MP: 4/4
  1891 | D:3      | Found an opulent altar of Gozag.
  1896 | D:3      | Found a glowing silver altar of Zin.
  1896 | D:3      | Found a snail-covered altar of Cheibriados.
  1905 | D:3      | Found a bloodstained altar of Trog.
  1909 | D:3      | Found a glowing golden altar of the Shining One.
  2094 | D:4      | Reached XP level 5. HP: 36/47 MP: 5/5
  2337 | D:4      | Reached skill level 5 in Axes
  2493 | D:4      | Found the +2 ratskin cloak {*Rats rPois rN+ Str-1 Int-1
                  | Dex+1}
  3026 | D:5      | Entered Level 5 of the Dungeon
  3033 | D:5      | Reached XP level 6. HP: 53/53 MP: 6/6
  3075 | D:5      | Found a glowing drain.
  3102 | Sewer    | Entered a sewer
  3179 | Sewer    | Reached skill level 5 in Fighting
  3358 | D:5      | Became a worshipper of Beogh the Brigand
  3399 | D:5      | Reached skill level 6 in Axes
  3700 | D:5      | Reached skill level 5 in Armour
  3700 | D:5      | Reached XP level 7. HP: 48/61 MP: 7/7
  3833 | D:5      | Found a basalt altar of Yredelemnul.
  4243 | D:6      | Reached skill level 7 in Axes
  4468 | D:6      | Found a broken altar of Ashenzari.
  4503 | D:6      | Reached skill level 1 in Dodging
  4748 | D:6      | Noticed Blork the orc
  4753 | D:6      | Killed Blork the orc
  4937 | D:6      | Noticed Prince Ribbit
  4958 | D:6      | Slain by Prince Ribbit

Illustrated notes

Levels and vault maps discovered:
D:1:      onia_arrival_pentagram, layout_basic, serial_shops,
          nicolae_shop_real_fake_doors,
          shapermc_ecumenical_altar_mp_urbaneastern,
          chequers_serial_rivers_marsh
D:2:      layout_basic, serial_shops, nicolae_shop_tiny_statue_garden,
          minmay_misc_feat_columns
D:3:      layout_rooms, minmay_overflow_temple_star_hex
D:4:      layout_loops_corners
D:5:      layout_basic, yredelemnul_forgotten_temple_becter,
          cheibrodos_sewer_entry_bend
D:6:      layout_basic, ashenzari_altar_1, uniq_blork_the_orc,
          uniq_prince_ribbit1

Skill      XL: |  1  2  3  4  5  6  7 |
---------------+----------------------+-----
Fighting       | 4 5 6 |  6.0
Axes           | 3 4 5 6 7 |  7.7
Armour         | 4 5 |  5.4
Shields        | 4 |  4.2
Dodging        | 1 |  1.1
Stealth        | |  0.3

Action                     |  1- 3 |  4- 6 |  7- 9 || total
---------------------------+-------+-------+-------++-------
  Melee: War axe           |   103 |   119 |    82 ||   304
 Invoke: Convert to Beogh  |       |     1 |       ||     1
  Evoke: Wand              |       |       |     1 ||     1
 Armour: Scale mail        |    50 |       |       ||    50
         Chain mail        |     3 |    66 |    44 ||   113
  Dodge: Dodged            |    68 |    47 |    27 ||   142
  Block: Buckler           |    24 |    20 |    18 ||    62
